 Dungeon Crawl Stone Soup version 0.29-a0-553-g81b289dbe5 (webtiles) character file.

Game seed: 13407614455830400679

2363 HoaS the Quickloader (level 9, 0/58 HPs)
             Began as a Kobold Hunter on June 6, 2022.
             Was a Believer of Okawaru.
             Slain by a two-headed ogre
             ... wielding a +0 giant club
              (10 damage)
             ... on level 8 of the Dungeon.
             The game lasted 00:12:32 (6154 turns).

HoaS the Quickloader (Kobold Hunter)                Turns: 6154, Time: 00:12:33

Health: 0/58       AC: 12    Str:  9    XL:     9   Next: 72%
Magic:  9/11       EV: 25    Int: 10    God:    Okawaru [**....]
Gold:   268        SH:  0    Dex: 22    Spells: 8/8 levels left

rFire   . . .      SeeInvis .   a - +3 hand crossbow
rCold   . . .      Faith    .   (no shield)
rNeg    . . .      Spirit   .   b - +0 leather armour
rPois   .          Reflect  .   g - +1 helmet
rElec   .          Harm     .   (no cloak)
rCorr   .          Rampage  .   p - +0 pair of gloves
Will    +....                   o - +0 pair of boots
Stlth   +++++.....              l - amulet of regeneration
HPRegen 0.99/turn               t - ring of willpower
MPRegen 0.12/turn               s - +4 ring of protection

@: heroic
A: small, no large weapons, nightstalker 3
a: Renounce Religion, Heroism


You were on level 8 of the Dungeon.
You worshipped Okawaru.
Okawaru was pleased with you.
You visited 2 branches of the dungeon, and saw 9 of its levels.

You collected 352 gold pieces.
You spent 84 gold pieces at shops.

Inventory:

Hand Weapons
 a - a +3 hand crossbow (weapon)
Armour
 b - a +0 leather armour (worn)
 g - a +1 helmet (worn)
 o - a +0 pair of boots (worn)
 p - a +0 pair of gloves (worn)
Jewellery
 l - an amulet of regeneration (around neck)
 m - a ring of poison resistance
 s - a +4 ring of protection (right hand)
 t - a ring of willpower (left hand)
 u - a ring of fire
 w - a ring of willpower
Wands
 n - a wand of iceblast (15)
 y - a wand of flame (1)
Scrolls
 c - 2 scrolls of immolation
 x - a scroll of blinking
Potions
 d - 3 potions of heal wounds
 e - a potion of brilliance {unknown}
 f - 6 potions of curing
 h - 4 potions of degeneration
 i - a potion of berserk rage {unknown}
 j - 2 potions of resistance
 k - 2 potions of attraction {unknown}
 q - 2 potions of cancellation {unknown}
 r - 3 potions of flight
 v - a potion of lignification {unknown}


   Skills:
 * Level 7.7(12.7) Fighting
 - Level 10.0(15.0) Crossbows
 * Level 8.4(13.4) Dodging
 - Level 3.0(8.0) Stealth
 - Level 3.0 Invocations
 - Level 3.0 Evocations


You had 8 spell levels left.
You didn't know any spells.
Your spell library contained the following spells:

 Spells                   Type           Power      Damage    Failure   Level
 Necrotize                Necr           0%         1d4       45%         1
 Sublimation of Blood     Necr           0%         N/A       58%         2
 Wereblood                Tmut           0%         N/A       58%         2
 Inner Flame              Hex/Fire       0%         N/A       83%         3
 Vampiric Draining        Necr           0%         2d6       83%         3
 Anguish                  Hex/Necr       0%         N/A       99%         4
 Cause Fear               Hex            0%         N/A       99%         4
 Agony                    Necr           0%         N/A       100%        5
 Enfeeble                 Hex            0%         N/A       100%        7
 Discord                  Hex            0%         N/A       100%        8
 Summon Hydra             Summ           Unusable   N/A       N/A         7

Dungeon Overview and Level Annotations

Branches:
Dungeon (8/15)             Temple (1/1) D:5
   Lair: D:8-11

Altars:
Cheibriados
Dithmenos
Elyvilon
Fedhas
Gozag
Kikubaaqudgha
Nemelex Xobeh
Okawaru
Ru
Trog
Uskayaw
Vehumet
Wu Jian
Yredelemnul
Zin
The Shining One
Lugonu

Shops:
D:2 *(


Innate Abilities, Weirdness & Mutations

You are small and have problems with some larger weapons.
You are completely attuned to the shadows.


Message History

You shoot a bolt. The bolt hits the two-headed ogre!
The two-headed ogre is heavily wounded.
The two-headed ogre closely misses you. x2
Shoot: a) +3 hand crossbow
Press: ? - help, Q - select action, (/) - cycle Shift-Dir - straight line, f/p - two-headed ogre
Aim: a two-headed ogre, wielding two +0 giant clubs (heavily wounded, 83% to hit)
You shoot a bolt. The bolt hits the two-headed ogre!
The two-headed ogre is heavily wounded.
The two-headed ogre closely misses you.
The two-headed ogre hits you with a +0 giant club!
The howler monkey hoots and howls with incredible vigour!
Shoot: a) +3 hand crossbow
Press: ? - help, Q - select action, (/) - cycle Shift-Dir - straight line, f/p - two-headed ogre
Aim: a two-headed ogre, wielding two +0 giant clubs (heavily wounded, 83% to hit)
Okay, then.
You gain the combat prowess of a mighty hero.
The two-headed ogre closely misses you. The two-headed ogre misses you.
Okay, then.
Shoot: a) +3 hand crossbow
Press: ? - help, Q - select action, (/) - cycle Shift-Dir - straight line, f/p - two-headed ogre
Aim: a two-headed ogre, wielding two +0 giant clubs (heavily wounded, 84% to hit)
You shoot a bolt.
The bolt hits the two-headed ogre but does no damage.
The two-headed ogre is heavily wounded.
Shoot: a) +3 hand crossbow
Press: ? - help, Q - select action, (/) - cycle Shift-Dir - straight line, f/p - two-headed ogre
Aim: a two-headed ogre, wielding two +0 giant clubs (heavily wounded, 84% to hit)
You shoot a bolt. The bolt hits the two-headed ogre.
The two-headed ogre is severely wounded.
The two-headed ogre misses you.
The two-headed ogre completely misses you.
Shoot: a) +3 hand crossbow
Press: ? - help, Q - select action, (/) - cycle Shift-Dir - straight line, f/p - two-headed ogre
Aim: a two-headed ogre, wielding two +0 giant clubs (heavily wounded, 84% to hit)
You shoot a bolt. The bolt hits the two-headed ogre!
The two-headed ogre is almost dead.
The two-headed ogre hits you with a +0 giant club!!
* * * LOW HITPOINT WARNING * * *
The two-headed ogre hits you with a +0 giant club!
You die...

... ###### #.#
####....### #h#
#..'....'.. #O#
#..#....#.. #@#
#####..#### #.#
#..##')#... #.#
#..##......
#.######..##......
#...............#.
#########..####.#.
#............#.
#.......##.###.
#.###..>.......


You could see a two-headed ogre and a howler monkey.

Vanquished Creatures
  A water moccasin (D:6)
  A sky beast (D:7)
  A black bear (D:6)
  3 ogres
  3 phantoms
  5 kobold brigands
  3 bullfrogs (D:7)
  A gnoll sergeant (D:3)
  3 scorpions
  4 howler monkeys
  3 hounds
  A jelly (D:5)
  2 orc priests (D:6)
  A gnoll shaman (D:7)
  6 iguanas
  3 orc wizards
  7 gnolls
  4 adders
  3 white imps
  6 worms
  4 dart slugs
  17 orcs
  6 ball pythons
  3 bats
  7 endoplasms
  4 giant cockroaches
  5 hobgoblins
  3 jackals (D:4)
  15 kobolds
  2 quokkas
  4 frilled lizards
  3 goblins
  5 rats
139 creatures vanquished.

Notes
Turn   | Place    | Note
-------+----------+-------------------------------------------
     0 | D:1      | HoaS the Kobold Hunter began the quest for the Orb.
     0 | D:1      | Reached XP level 1. HP: 12/12 MP: 1/1
    74 | D:1      | Found a faded altar of an unknown god.
   269 | D:1      | Reached XP level 2. HP: 17/17 MP: 2/2
   314 | D:1      | Reached skill level 6 in Crossbows
  1020 | D:2      | Reached XP level 3. HP: 21/21 MP: 3/3
  1031 | D:2      | Found Lisir's Antique Weapon Boutique.
  1467 | D:2      | Found Cahaow's General Store.
  1473 | D:2      | Bought a potion of curing for 42 gold pieces
  1473 | D:2      | Bought a potion of curing for 42 gold pieces
  1852 | D:3      | Reached skill level 7 in Crossbows
  1865 | D:3      | Reached XP level 4. HP: 18/26 MP: 4/4
  1874 | D:3      | Reached XP level 5. HP: 25/30 MP: 5/5
  1904 | D:3      | Found a glowing golden altar of the Shining One.
  1904 | D:3      | Found a white marble altar of Elyvilon.
  1906 | D:3      | Found a glowing silver altar of Zin.
  2033 | D:3      | Reached skill level 8 in Crossbows
  2103 | D:3      | Reached skill level 9 in Crossbows
  2103 | D:3      | Reached XP level 6. HP: 30/35 MP: 6/6
  2256 | D:3      | Found a basalt altar of Yredelemnul.
  2756 | D:4      | Found a sparkling altar of Nemelex Xobeh.
  2961 | D:4      | Reached skill level 10 in Crossbows
  2961 | D:4      | Reached XP level 7. HP: 30/40 MP: 7/7
  3073 | D:4      | Noticed a moth of wrath
  3170 | D:4      | Found a bloodstained altar of Trog.
  3308 | D:5      | Entered Level 5 of the Dungeon
  3443 | D:5      | Reached skill level 1 in Evocations
  3519 | D:5      | Reached XP level 8. HP: 41/48 MP: 8/8
  3618 | D:5      | Reached skill level 5 in Dodging
  3651 | D:5      | Found a staircase to the Ecumenical Temple.
  3670 | D:5      | Found a radiant altar of Vehumet.
  3674 | D:5      | Found an opulent altar of Gozag.
  3695 | Temple   | Entered the Ecumenical Temple
  3738 | Temple   | Became a worshipper of Warmaster Okawaru
  4157 | D:6      | Reached skill level 5 in Fighting
  4157 | D:6      | Reached skill level 1 in Invocations
  4192 | D:6      | Reached * piety under Okawaru
  4359 | D:6      | Reached XP level 9. HP: 55/55 MP: 10/10
  5326 | D:7      | Found a hide-covered altar of Uskayaw.
  5642 | D:7      | Reached ** piety under Okawaru
  5989 | D:8      | Found a shadowy altar of Dithmenos.
  6135 | D:8      | Noticed a two-headed ogre
  6154 | D:8      | Slain by a two-headed ogre

Illustrated notes

Levels and vault maps discovered:
D:1:      sevenhm_arrival_forest_fort_small_4, layout_basic,
          hellmonk_ecumenical_altar_lost_god, serial_forest,
          infiniplex_forest_zigzag_1, infiniplex_forest_pool,
          infiniplex_forest_corner_1, infiniplex_forest_end_2,
          infiniplex_forest_end_1, infiniplex_forest_end_1
D:2:      layout_basic, serial_shops, nicolae_lakefront_shop, shop
D:3:      layout_basic, dreamdust_divine_triumvirate,
          mainiacjoe_overflow_alcove_2
D:4:      layout_loops_ring, mainiacjoe_overflow_alcove_4, tgw_trog
D:5:      layout_rooms, grunt_temple_overflow_open, minmay_temple_entry_hall,
          minmay_fractal_squares_5
D:6:      layout_gridville, minivault_4, hangedman_decor_slide_cut
D:7:      kb_forest_paths, layout_loops_ring, lemuel_coloured_pillars_altar
D:8:      layout_basic, mainiacjoe_overflow_concentric_impassable,
          nicolae_dithmenos_shadow_blocks, mainiacjoe_overflow_paths,
          blue_anna_alchemist
Temple:   corrupted_temple

Skill      XL: |  1  2  3  4  5  6  7  8  9 |
---------------+----------------------------+-----
Crossbows      | 6 7 9 10 | 10.0
Dodging        | 4 6 8 |  8.4
Fighting       | 4 5 7 |  7.7
Stealth        | 3 |  3.0
Evocations     | 2 3 |  3.0
Invocations    | 2 3 |  3.0

Action                   |  1- 3 |  4- 6 |  7- 9 || total
-------------------------+-------+-------+-------++-------
 Fire: Hand crossbow     |    83 |   115 |   319 ||   517
Invok: Heroism           |       |       |     1 ||     1
Evoke: Wand              |       |       |     1 ||     1
  Use: Scroll            |     5 |     4 |     5 ||    14
       Potion            |     2 |       |     1 ||     3
Armor: Leather armour    |    15 |    15 |    59 ||    89
Dodge: Dodged            |    35 |    38 |   159 ||   232

Table legend: (Time is in decaauts)
 A = Elapsed time spent in this place.
 B = Non-inter-level travel time spent in this place.
 C = Inter-level travel time spent in this place.
 D = Time resting spent in this place.
 E = Time spent auto-exploring this place.
 F = Levels seen in this place.
 G = Mean time per level.
                   A        B        C        D        E       F      G
               +--------+--------+--------+--------+--------+-----+--------+
         Total |   6206 |   5938 |    268 |    187 |   4781 |   9 |  689.6 |
       Dungeon |   6148 |   5901 |    247 |    187 |   4754 |   8 |  768.5 |
        Temple |     57 |     37 |     20 |      0 |     27 |   1 |   57.0 |
               +--------+--------+--------+--------+--------+-----+--------+

Top non-repeatable levels by time:
     D:6: 1174 daAuts
     D:2: 1061 daAuts
     D:4: 916 daAuts
     D:1: 778 daAuts
     D:7: 761 daAuts
     D:5: 590 daAuts
     D:3: 590 daAuts
     D:8: 275 daAuts
  Temple: 57 daAuts
